TOP OF THE 1ST |
---|
Menlo Maniacs batting - Pitching for Culver City Extras : LHP Sebastián Cervantes | Pitching: LHP Sebastián Cervantes | | Batting: LHB Bob Campbell | 0-0: Ball 1-0: Ball 2-0: Fly out, F6 (Popup, 56) | Batting: SHB Ryan Holcomb | 0-0: Ball 1-0: Foul Ball, location: 2F 1-1: Fly out, F3 (Popup, 3S) | Batting: RHB David Adams | 0-0: Ball 1-0: Foul Ball, location: 2F 1-1: Called Strike 1-2: Strikes out swinging | Top of the 1st over - 0 runs, 0 hits, 0 errors, 0 left on base; Menlo 0 - Culver City 0 | BOTTOM OF THE 1ST |
---|
Culver City Extras batting - Pitching for Menlo Maniacs : RHP Carlos Rodríguez | Pitching: RHP Carlos Rodríguez | | Batting: RHB Jamie Swyers | 0-0: Ball 1-0: Ball 2-0: Called Strike 2-1: Foul Ball, location: 2F 2-2: Fly out, F8 (Flyball, 89D) | Batting: RHB Mitchell Darragh | 0-0: Ball 1-0: Called Strike 1-1: Ball 2-1: Foul Ball, location: 2F 2-2: Foul Ball, location: 2F 2-2: Ball 3-2: Ground out 6-3 (Groundball, 56) | Batting: LHB Iván Espinosa | 0-0: Ball 1-0: Foul Ball, location: 2F 1-1: Ball 2-1: Ground out 4-3 (Groundball, 4) | Bottom of the 1st over - 0 runs, 0 hits, 0 errors, 0 left on base; Menlo 0 - Culver City 0 | TOP OF THE 2ND |
---|
Menlo Maniacs batting - Pitching for Culver City Extras : LHP Sebastián Cervantes | Batting: RHB Joe Noble | 0-0: Ball 1-0: Ball 2-0: Called Strike 2-1: Foul Ball, location: 2F 2-2: Fly out, F8 (Flyball, 8RD) | Batting: RHB Gerald Miller | 0-0: Ball 1-0: Swinging Strike 1-1: Swinging Strike 1-2: Strikes out swinging | Batting: RHB Currito Campos | 0-0: Fly out, F9 (Flyball, 9LM) | Top of the 2nd over - 0 runs, 0 hits, 0 errors, 0 left on base; Menlo 0 - Culver City 0 | BOTTOM OF THE 2ND |
---|
Culver City Extras batting - Pitching for Menlo Maniacs : RHP Carlos Rodríguez | Batting: LHB Tony Smith | 0-0: Foul Ball, location: 2F 0-1: Ball 1-1: Foul Ball, location: 2F 1-2: Fly out, F8 (Flyball, 8LD) | Batting: LHB Trey Fitzpatrick | 0-0: Called Strike 0-1: Foul Ball, location: 2F 0-2: Ball 1-2: Ball 2-2: Strikes out swinging | Batting: RHB Dave Anderson | 0-0: SINGLE (Line Drive, 8LS) | Batting: RHB Marcos Lińares | 0-0: Ball Dave Anderson is caught stealing 2nd base | Bottom of the 2nd over - 0 runs, 1 hit, 0 errors, 0 left on base; Menlo 0 - Culver City 0 | TOP OF THE 3RD |
---|
Menlo Maniacs batting - Pitching for Culver City Extras : LHP Sebastián Cervantes | Batting: RHB Eleuterio Supardo | 0-0: Called Strike 0-1: Ball 1-1: Ground out 1-3 (Groundball, 13S) | Batting: LHB Bernardo Rodríguez | 0-0: Foul Ball, location: 2F 0-1: Ball 1-1: Ball 2-1: Called Strike 2-2: Ground out 4-3 (Groundball, 4S) | Batting: RHB Miguel González | 0-0: Called Strike 0-1: Foul Ball, location: 2F 0-2: Strikes out looking | Top of the 3rd over - 0 runs, 0 hits, 0 errors, 0 left on base; Menlo 0 - Culver City 0 | BOTTOM OF THE 3RD |
---|
Culver City Extras batting - Pitching for Menlo Maniacs : RHP Carlos Rodríguez | Batting: RHB Marcos Lińares | 0-0: Called Strike 0-1: SINGLE (Flyball, 9S) | Batting: RHB Robert Koremans | 0-0: Foul Ball, location: 2F 0-1: Ball 1-1: Ball 2-1: Ball 3-1: SINGLE (Groundball, 56D) Marcos Lińares to second | Batting: SHB Joey Boyd | 0-0: Ball 1-0: Ball 2-0: Called Strike 2-1: Called Strike 2-2: Ball 3-2: Base on Balls Marcos Lińares to third Robert Koremans to second | Batting: RHB Jamie Swyers | 0-0: Swinging Strike 0-1: Fly out, F9 (Flyball, 9S) Runner from 3rd tags up, SCORES, throw made | Batting: RHB Mitchell Darragh | 0-0: Called Strike 0-1: Ball 1-1: Swinging Strike 1-2: Ball 2-2: Ball 3-2: Foul Ball, location: 2F 3-2: Grounds into double play, 6-4-3 (Groundball, 6) | Bottom of the 3rd over - 1 run, 2 hits, 0 errors, 1 left on base; Menlo 0 - Culver City 1 | TOP OF THE 4TH |
---|
Menlo Maniacs batting - Pitching for Culver City Extras : LHP Sebastián Cervantes | Batting: LHB Bob Campbell | 0-0: Called Strike 0-1: Ball 1-1: Ground out U3 (Groundball, 3L) | Batting: SHB Ryan Holcomb | 0-0: Called Strike 0-1: Ball 1-1: Swinging Strike 1-2: Ball 2-2: Ground out 3-1 (Groundball, 34S) | Batting: RHB David Adams | 0-0: Ball 1-0: Ball 2-0: Foul Ball, location: 2F 2-1: Foul Ball, location: 2F 2-2: Foul Ball, location: 2F 2-2: Strikes out swinging | Top of the 4th over - 0 runs, 0 hits, 0 errors, 0 left on base; Menlo 0 - Culver City 1 | BOTTOM OF THE 4TH |
---|
Culver City Extras batting - Pitching for Menlo Maniacs : RHP Carlos Rodríguez | Batting: LHB Iván Espinosa | 0-0: Called Strike 0-1: Ball 1-1: Called Strike 1-2: SINGLE (Groundball, 6D) | Batting: LHB Tony Smith | 0-0: Foul Ball, location: 2F 0-1: Ball 1-1: Ball 2-1: Ball 3-1: Base on Balls Iván Espinosa to second | Batting: LHB Trey Fitzpatrick | 0-0: Swinging Strike 0-1: Ball 1-1: Ball 2-1: Called Strike 2-2: Ball 3-2: 3-RUN HOME RUN (Flyball, 9D), Distance : 398 ft | Batting: RHB Dave Anderson | 0-0: Ball 1-0: Ball 2-0: Ball 3-0: Called Strike 3-1: Base on Balls | Batting: RHB Marcos Lińares | 0-0: Ball 1-0: Called Strike 1-1: Swinging Strike 1-2: Strikes out swinging | Batting: RHB Robert Koremans | 0-0: Ball Dave Anderson steals 2nd base 1-0: Ball 2-0: Ball 3-0: Called Strike 3-1: Foul Ball, location: 2F 3-2: Foul Ball, location: 2F 3-2: Base on Balls | Batting: SHB Joey Boyd | 0-0: Ball 1-0: Called Strike 1-1: Foul Ball, location: 2F 1-2: Ball 2-2: Foul Ball, location: 2F 2-2: Strikes out swinging | Batting: RHB Jamie Swyers | 0-0: Called Strike 0-1: Ball 1-1: Ball 2-1: Foul Ball, location: 2F 2-2: Ball 3-2: Base on Balls Dave Anderson to third Robert Koremans to second | Batting: RHB Mitchell Darragh | 0-0: Ball 1-0: Ball 2-0: Foul Ball, location: 2F 2-1: Foul Ball, location: 2F 2-2: Ball 3-2: Base on Balls Dave Anderson scores Robert Koremans to third Jamie Swyers to second | Batting: LHB Iván Espinosa | 0-0: Ball 1-0: Foul Ball, location: 2F 1-1: Ball 2-1: Ball 3-1: Foul Ball, location: 2F 3-2: Base on Balls Robert Koremans scores Jamie Swyers to third Mitchell Darragh to second | Pitching: RHP Jesús Martínez | | Batting: LHB Tony Smith | 0-0: Ball 1-0: Ball 2-0: Ball 3-0: Base on Balls Jamie Swyers scores Mitchell Darragh to third Iván Espinosa to second | Batting: LHB Trey Fitzpatrick | 0-0: Ball 1-0: Ball 2-0: Ball 3-0: Base on Balls Mitchell Darragh scores Iván Espinosa to third Tony Smith to second | Batting: RHB Dave Anderson | 0-0: Called Strike 0-1: Ball 1-1: Fly out, F8 (Flyball, 8RM) | Bottom of the 4th over - 7 runs, 2 hits, 0 errors, 3 left on base; Menlo 0 - Culver City 8 | TOP OF THE 5TH |
---|
Menlo Maniacs batting - Pitching for Culver City Extras : LHP Sebastián Cervantes | Batting: RHB Joe Noble | 0-0: SINGLE (Groundball, 6D) | Batting: RHB Gerald Miller | 0-0: Swinging Strike 0-1: Grounds into double play, 5-4-3 (Groundball, 56) | Batting: RHB Currito Campos | 0-0: Ball 1-0: SINGLE (Groundball, 56) (infield hit) | Batting: RHB Eleuterio Supardo | 0-0: SINGLE (Line Drive, 7S) Currito Campos to second | Batting: LHB Bernardo Rodríguez | 0-0: Foul Ball, location: 2F 0-1: Foul Ball, location: 2F 0-2: Strikes out swinging | Top of the 5th over - 0 runs, 3 hits, 0 errors, 2 left on base; Menlo 0 - Culver City 8 | BOTTOM OF THE 5TH |
---|
Culver City Extras batting - Pitching for Menlo Maniacs : RHP Jesús Martínez | Batting: RHB Marcos Lińares | 0-0: Called Strike 0-1: Ground out 4-3 (Groundball, 34D) | Batting: RHB Robert Koremans | 0-0: Ball 1-0: Foul Ball, location: 2F 1-1: Ball 2-1: Ground out 4-3 (Groundball, 4S) | Batting: SHB Joey Boyd | 0-0: Ball 1-0: Foul Ball, location: 2F 1-1: Ground out 6-3 (Groundball, 56) | Bottom of the 5th over - 0 runs, 0 hits, 0 errors, 0 left on base; Menlo 0 - Culver City 8 | TOP OF THE 6TH |
---|
Menlo Maniacs batting - Pitching for Culver City Extras : LHP Sebastián Cervantes | Batting: RHB Miguel González | 0-0: Ball 1-0: Called Strike 1-1: Ball 2-1: Ball 3-1: Foul Ball, location: 2F 3-2: Strikes out swinging | Batting: LHB Bob Campbell | 0-0: Ball 1-0: Swinging Strike 1-1: SINGLE (Line Drive, 8LS) | Batting: SHB Ryan Holcomb | 0-0: Foul Ball, location: 2F 0-1: Ball 1-1: Ball 2-1: Ball 3-1: Swinging Strike 3-2: SINGLE (Groundball, 25) (infield hit) Bob Campbell to second | Batting: RHB David Adams | 0-0: Swinging Strike 0-1: Foul Ball, location: 2F 0-2: Fly out, F8 (Flyball, 8RM) | Batting: RHB Joe Noble | 0-0: Swinging Strike 0-1: Ball 1-1: Foul Ball, location: 2F 1-2: Ball 2-2: SINGLE (Groundball, 6) (infield hit) Bob Campbell to third Ryan Holcomb to second | Batting: RHB Gerald Miller | 0-0: Called Strike 0-1: Ball 1-1: Fly out, F9 (Flyball, 9S) | Top of the 6th over - 0 runs, 3 hits, 0 errors, 3 left on base; Menlo 0 - Culver City 8 | BOTTOM OF THE 6TH |
---|
Culver City Extras batting - Pitching for Menlo Maniacs : RHP Jesús Martínez | Batting: RHB Jamie Swyers | 0-0: Ball 1-0: Ball 2-0: Ball 3-0: Base on Balls | Batting: RHB Mitchell Darragh | 0-0: Called Strike Jamie Swyers steals 2nd base 0-1: Ball 1-1: Swinging Strike 1-2: Foul Ball, location: 2F 1-2: Strikes out swinging | Batting: LHB Iván Espinosa | 0-0: Ground out 3-1 (Groundball, 34) Jamie Swyers to third | Batting: LHB Tony Smith | 0-0: Foul Ball, location: 2F 0-1: Called Strike 0-2: Ball 1-2: Ground out 4-3 (Groundball, 4) | Bottom of the 6th over - 0 runs, 0 hits, 0 errors, 1 left on base; Menlo 0 - Culver City 8 | TOP OF THE 7TH |
---|
Menlo Maniacs batting - Pitching for Culver City Extras : LHP Sebastián Cervantes | Now in LF: Ernesto Meléndez | | Batting: RHB Currito Campos | 0-0: Foul Ball, location: 2F 0-1: Ball 1-1: Foul Ball, location: 2F 1-2: Fly out, F3 (Popup, 34) | Batting: RHB Eleuterio Supardo | 0-0: Ball 1-0: Called Strike 1-1: Called Strike 1-2: Ball 2-2: Ground out 4-3 (Groundball, 4) | Batting: LHB Bernardo Rodríguez | 0-0: SINGLE (Groundball, 15S) (infield hit) | Batting: RHB Miguel González | 0-0: Ball 1-0: Swinging Strike 1-1: Foul Ball, location: 2F 1-2: Foul Ball, location: 2F 1-2: Strikes out looking | Top of the 7th over - 0 runs, 1 hit, 0 errors, 1 left on base; Menlo 0 - Culver City 8 | BOTTOM OF THE 7TH |
---|
Culver City Extras batting - Pitching for Menlo Maniacs : RHP Jesús Martínez | Batting: LHB Trey Fitzpatrick | 0-0: Ball 1-0: Foul Ball, location: 2F 1-1: Ball 2-1: Fly out, F3 (Line Drive, 3) | Batting: RHB Dave Anderson | 0-0: Ball 1-0: Ball 2-0: Ball 3-0: Base on Balls | Batting: RHB Marcos Lińares | 0-0: Fly out, F3 (Popup, 34S) | Batting: RHB Robert Koremans | 0-0: Called Strike 0-1: Swinging Strike 0-2: SINGLE (Line Drive, 56D) Dave Anderson to second | Batting: SHB Joey Boyd | 0-0: Called Strike 0-1: Swinging Strike 0-2: Strikes out swinging | Bottom of the 7th over - 0 runs, 1 hit, 0 errors, 2 left on base; Menlo 0 - Culver City 8 | TOP OF THE 8TH |
---|
Menlo Maniacs batting - Pitching for Culver City Extras : LHP Sebastián Cervantes | Batting: LHB Bob Campbell | 0-0: Reached via error on a dropped throw, E1 | Batting: SHB Ryan Holcomb | 0-0: Ball 1-0: Foul Ball, location: 2F 1-1: Fly out, F9 (Line Drive, 9) | Batting: RHB David Adams | 0-0: Called Strike 0-1: Called Strike 0-2: Strikes out swinging | Batting: RHB Joe Noble | 0-0: Called Strike 0-1: Ground out 3-1 (Groundball, 23) | Top of the 8th over - 0 runs, 0 hits, 1 error, 1 left on base; Menlo 0 - Culver City 8 | BOTTOM OF THE 8TH |
---|
Culver City Extras batting - Pitching for Menlo Maniacs : RHP Jesús Martínez | Pitching: RHP Gerard Gustafson | | Batting: RHB Jamie Swyers | 0-0: Ball 1-0: Foul Ball, location: 2F 1-1: Foul Ball, location: 2F 1-2: Ball 2-2: SINGLE (Groundball, 56D) | Batting: RHB Mitchell Darragh | 0-0: Ball Wild Pitch! Jamie Swyers to second 1-0: 2-RUN HOME RUN (Flyball, 78XD), Distance : 410 ft | Batting: LHB Ernesto Meléndez | 0-0: Foul Ball, location: 2F 0-1: Ball 1-1: Called Strike 1-2: Ball 2-2: Ball 3-2: Foul Ball, location: 2F 3-2: Foul Ball, location: 2F 3-2: Foul Ball, location: 2F 3-2: Foul Ball, location: 2F 3-2: Foul Ball, location: 2F 3-2: Foul Ball, location: 2F 3-2: Foul Ball, location: 2F 3-2: Base on Balls | Pitching: RHP Wayne Todd | | Batting: LHB Tony Smith | 0-0: Ball 1-0: Called Strike 1-1: Swinging Strike 1-2: Ball 2-2: Ball 3-2: Strikes out swinging | Batting: LHB Trey Fitzpatrick | 0-0: Called Strike 0-1: Ball 1-1: Foul Ball, location: 2F 1-2: Foul Ball, location: 2F 1-2: Foul Ball, location: 2F 1-2: SINGLE (Flyball, 8RS) Ernesto Meléndez to second | Batting: RHB Dave Anderson | 0-0: Foul Ball, location: 2F 0-1: Ball 1-1: SINGLE (Groundball, 6) (infield hit) Ernesto Meléndez to third Trey Fitzpatrick to second | Pinch Hitting: SHB Norberto Muńóz | 0-0: Called Strike 0-1: Foul Ball, location: 2F 0-2: Ball 1-2: Ball 2-2: Strikes out looking | Batting: RHB Robert Koremans | 0-0: Ball 1-0: Ball 2-0: Ball 3-0: Called Strike 3-1: Foul Ball, location: 2F 3-2: Base on Balls Ernesto Meléndez scores Trey Fitzpatrick to third Dave Anderson to second | Pitching: LHP Alonso Carbajal | | Batting: SHB Joey Boyd | 0-0: Swinging Strike 0-1: Ball 1-1: Called Strike 1-2: Ball 2-2: Foul Ball, location: 2F 2-2: Ground out 4-3 (Groundball, 4) | Bottom of the 8th over - 3 runs, 4 hits, 0 errors, 3 left on base; Menlo 0 - Culver City 11 | TOP OF THE 9TH |
---|
Menlo Maniacs batting - Pitching for Culver City Extras : LHP Sebastián Cervantes | Now at 2B: Horace Johnson | | Batting: RHB Gerald Miller | 0-0: Called Strike 0-1: Ball 1-1: Foul Ball, location: 2F 1-2: Ball 2-2: Strikes out looking | Batting: RHB Currito Campos | 0-0: SINGLE (Line Drive, 7S) | Batting: RHB Eleuterio Supardo | 0-0: Foul Ball, location: 2F 0-1: DOUBLE (Flyball, 9LD) Currito Campos to third | Batting: LHB Bernardo Rodríguez | 0-0: Called Strike 0-1: Ball 1-1: SINGLE (Line Drive, 34D) Currito Campos scores Eleuterio Supardo to third | Batting: RHB Miguel González | 0-0: Ball 1-0: Called Strike 1-1: Ball 2-1: Called Strike 2-2: Foul Ball, location: 2F 2-2: Strikes out swinging | Pitching: RHP Rubén Cruz | | Batting: LHB Bob Campbell | 0-0: Swinging Strike 0-1: Called Strike 0-2: Ball 1-2: Ball 2-2: Strikes out swinging | Top of the 9th over - 1 run, 3 hits, 0 errors, 2 left on base; Menlo 1 - Culver City 11 | |